 Dungeon Crawl Stone Soup version 0.21.1-1-g345015f (webtiles) character file.

508 sking99 the Ruffian (level 7, -3/71 HPs)
             Began as an Ogre Transmuter on June 28, 2018.
             Slain by a sky beast (5 damage)
             ... on level 5 of the Dungeon.
             The game lasted 00:14:56 (6072 turns).

sking99 the Ruffian (Ogre Transmuter)               Turns: 6072, Time: 00:14:57

Health: -3/71      AC:  4    Str: 15    XL:     7   Next: 18%
Magic:  2/11       EV: 10    Int: 16    God:
Gold:   212        SH:  0    Dex:  9    Spells: 6/12 levels left

rFire    . . .     SeeInvis .     - Unarmed
rCold    . . .     Gourm    .   (no shield)
rNeg     . . .     Faith    .   b - +1 robe
rPois    .         Spirit   .   (helmet restricted)
rElec    .         Reflect  .   (no cloak)
rCorr    .         Harm     .   (gloves unavailable)
MR       .....                  (boots unavailable)
Stlth    +.........             (no amulet)
HPRegen  0.21/turn              (no ring)
MPRegen  0.12/turn              (no ring)

@: very slightly contaminated
A: large, unfitting armour, tough skin 1
a: no special abilities


You were on level 5 of the Dungeon.
You were hungry.

You visited 1 branch of the dungeon, and saw 5 of its levels.

You collected 212 gold pieces.

Inventory:

Missiles
 a - 60 arrows (quivered)
Armour
 b - a +1 robe (worn)
Jewellery
 g - an uncursed ring of protection from fire {unknown}
Scrolls
 f - 2 scrolls of teleportation
 l - a scroll of magic mapping {unknown}
 p - a scroll of amnesia
 q - a scroll of enchant armour
Potions
 e - a potion of mutation {unknown}
 h - 3 potions of curing
 i - a potion of invisibility {unknown}
 j - a potion of berserk rage {unknown}
 k - 2 potions of resistance {unknown}
 m - 2 potions of flight
 o - a potion of degeneration {unknown}
 r - a potion of haste {unknown}
Books
 c - a book of Changes

   Spells                             Type                      Level
   a - Beastly Appendage              Transmutation                1
   b - Sticks to Snakes               Transmutation                2
   c - Spider Form                    Transmutation/Poison         3
   d - Ice Form                       Ice/Transmutation            4
   e - Blade Hands                    Transmutation                5
Comestibles
 d - 2 rations


   Skills:
 + Level 4.4 Fighting
 + Level 3.3 Dodging
 * Level 5.3 Unarmed Combat
 - Level 3.0 Spellcasting
 - Level 2.2 Transmutations
 - Level 1.0 Poison Magic


You had 6 spell levels left.
You knew the following spells:

 Your Spells              Type           Power        Failure   Level  Hunger
a - Beastly Appendage     Tmut           #.....       8%          1    #......
b - Sticks to Snakes      Tmut           #.......     12%         2    ##.....
c - Spider Form           Tmut/Pois      #.........   28%         3    ###....


Dungeon Overview and Level Annotations

Branches:
Dungeon (5/15)
 Temple: D:4-7

Altars:
Ashenzari
Fedhas


Innate Abilities, Weirdness & Mutations

You are too large for most types of armour.
You have tough skin. (AC +1)


Message History

The leopard gecko is almost dead.
Something hits you. Something shocks you.
* * * LOW HITPOINT WARNING * * *
The orc hits you with a flail.
* * * LOW HITPOINT WARNING * * *
The leopard gecko bites you.
* * * LOW HITPOINT WARNING * * *
Your ball python barely misses the leopard gecko.
Your ball python closely misses the leopard gecko.
You hit the leopard gecko.
You kill the leopard gecko!
Something hits you.
* * * LOW HITPOINT WARNING * * *
Something shocks you.
* * * LOW HITPOINT WARNING * * *
The orc barely misses you. Something hits you.
* * * LOW HITPOINT WARNING * * *
Something shocks you.
You die...

## ........#
... ........##
.... ........
...# .......
#..##....#
#..(....#
#......##
#......#
#@.o##..#
#..†S.#
#.........#
#.....#......
.......##.....
.#####...
.....# ....
....... #..#.
.###...


You could see an orc and a friendly ball python.

Vanquished Creatures
  A centaur (D:4)
  2 orc priests
  3 orc wizards
  2 iguanas
  A worker ant (D:4)
  A worker ant zombie (D:5)
  10 adders
  An ooze (D:2)
  3 dart slugs
  3 worms (D:2)
  2 leopard geckos
  14 orcs
  9 bats
  10 giant cockroaches
  7 goblins
  8 hobgoblins
  7 jackals (D:2)
  A ball python (D:2)
  3 frilled lizards
  4 kobolds
  9 rats
101 creatures vanquished.

Vanquished Creatures (collateral kills)
  An orc wizard (D:4)
  An orc (D:4)
2 creatures vanquished.

Vanquished Creatures (others)
  A bush (D:4)
1 creature vanquished.

Grand Total: 104 creatures vanquished

Notes
Turn   | Place    | Note
-------+----------+-------------------------------------------
     0 | D:1      | sking99 the Ogre Transmuter began the quest for the Orb.
     0 | D:1      | Reached XP level 1. HP: 19/19 MP: 3/3
   160 | D:1      | Reached skill level 3 in Unarmed Combat
   160 | D:1      | Reached XP level 2. HP: 12/28 MP: 3/5
   585 | D:1      | Learned a level 2 spell: Sticks to Snakes
   879 | D:1      | Reached XP level 3. HP: 33/35 MP: 6/6
  1192 | D:1      | Learned a level 3 spell: Spider Form
  1628 | D:2      | Reached XP level 4. HP: 33/42 MP: 5/8
  2054 | D:2      | Reached skill level 1 in Poison Magic
  2763 | D:2      | Reached XP level 5. HP: 39/50 MP: 5/9
  2986 | D:2      | Reached skill level 4 in Unarmed Combat
  3590 | D:3      | Reached XP level 6. HP: 61/61 MP: 3/10
  4274 | D:3      | Found a shattered altar of Ashenzari.
  4547 | D:4      | Noticed a phantom
  5305 | D:4      | Found a blossoming altar of Fedhas.
  5440 | D:4      | Reached skill level 5 in Unarmed Combat
  5440 | D:4      | Reached XP level 7. HP: 47/70 MP: 6/11
  6050 | D:5      | Entered Level 5 of the Dungeon
  6070 | D:5      | HP: 3/71 [something (5)]
  6072 | D:5      | Slain by a sky beast

Skill      XL: |  1  2  3  4  5  6 |
---------------+-------------------+-----
Unarmed Combat | 3 4 5 |  5.3
Fighting       | 2 3 4 |  4.4
Transmutations | 2 |  2.2
Spellcasting   | 3 |  3.0
Poison Magic   | 1 |  1.0
Dodging        | 2 3 |  3.3

Action                   |  1- 3 |  4- 6 |  7- 9 || total
-------------------------+-------+-------+-------++-------
Melee: Unarmed           |   180 |   181 |    26 ||   387
       Headbutt          |     1 |       |       ||     1
       Punch             |     1 |     1 |       ||     2
 Cast: Beastly Appendage |     2 |       |       ||     2
       Spider Form       |     2 |    35 |     5 ||    42
       Sticks to Snakes  |     1 |     7 |     3 ||    11
  Use: Scroll            |       |     7 |       ||     7
 Stab: Sleeping          |       |     2 |       ||     2
  Eat: Chunk             |     1 |    17 |     2 ||    20
       Ration            |       |     1 |       ||     1
Armor: Robe              |    72 |    27 |       ||    99
       Skin              |     1 |    10 |       ||    11
Dodge: Dodged            |   110 |   145 |    34 ||   289
